 Dungeon Crawl Stone Soup version 0.17-a0-1442-g10bb59b (webtiles) character file.

30 mrath the Chiller (level 3, -1/19 HPs)
             Began as a Kobold Ice Elementalist on June 28, 2015.
             Slain by an adder (3 damage)
             ... on level 2 of the Dungeon.
             The game lasted 00:21:56 (1489 turns).

mrath the Chiller (Kobold Ice Elementalist)         Turns: 1489, Time: 00:21:56

Health: -1/19      AC:  3    Str:  6    XL:     3   Next: 35%
Magic:  5/6        EV: 15    Int: 14    God:
Gold:   55         SH:  0    Dex: 16    Spells: 2 memorised, 3 levels left

rFire  + . .     SeeInvis .     k - +0 dagger
rCold  . . .     Clarity  .     a - +0 robe
rNeg   . . .     SustAt   .     (shield restricted)
rPois  .         Gourm    .     e - +0 helmet
rElec  .         Spirit   .     (no cloak)
rCorr  .         Warding  .     (no gloves)
rMut   .         Stasis   .     (no boots)
MR     .....                    (no amulet)
Stlth  +++.......               o - ring of invisibility
                                g - ring of protection from fire

@: lethally poisoned (-1 -> -4), not resistant to hostile enchantments, fairly
stealthy
A: carnivore 3
a: Evoke Invisibility


You were on level 2 of the Dungeon.
You were not hungry.

You visited 1 branch of the dungeon, and saw 2 of its levels.

You collected 55 gold pieces.

Inventory:

Hand weapons
 k - a +0 dagger (weapon)
 l - a +0 club
Missiles
 c - 15 arrows of frost
 d - 71 stones (quivered)
 f - 24 arrows
 h - 35 poisoned needles
 i - 10 poisoned arrows
Armour
 a - a +0 robe (worn)
 e - a +0 helmet (worn)
Jewellery
 g - a ring of protection from fire (left hand)
 j - an uncursed ring of teleportation
 o - a ring of invisibility (right hand)
Scrolls
 m - a scroll of fog
Books
 b - a book of Frost

   Spells                             Type                      Level
   a - Freeze                         Ice                          1
   b - Throw Frost                    Conjuration/Ice              2
   c - Ozocubu's Armour               Charms/Ice                   3
   d - Throw Icicle                   Conjuration/Ice              4
   e - Summon Ice Beast               Ice/Summoning                4
   f - Condensation Shield            Ice                          4
Comestibles
 n - a slice of pizza


   Skills:
 + Level 1.3 Throwing
 + Level 2.6 Dodging
 + Level 2.9 Stealth
 + Level 2.3 Spellcasting
 + Level 1.1 Conjurations
 + Level 3.4 Ice Magic


You had 3 spell levels left.
You knew the following spells:

 Your Spells              Type           Power        Failure   Level  Hunger
a - Freeze                Ice            ##..         10%         1    #......
b - Throw Frost           Conj/Ice       #.....       17%         2    ###....


Dungeon Overview and Level Annotations

Branches:
Dungeon (2/15)

Altars:


Innate Abilities, Weirdness & Mutations

You are small and have problems with some larger weapons.
You are carnivorous and can eat meat at any time.


Message History

The adder misses you.
You closely miss the adder.
The adder is heavily wounded.
You feel sick. The adder closely misses you.
The adder bites you but does no damage.
You hit the adder.
The adder is severely wounded.
The adder misses you.
You hit the adder.
The adder is severely wounded.
The adder bites you but does no damage.
You hit the adder.
The adder is almost dead.
The adder closely misses you.
You closely miss the adder.
The adder is almost dead.
You feel sick. The adder bites you.
* * * LOW HITPOINT WARNING * * *
The adder bites you.
You die...

.#
#.####......#
#### # #.####.#
...< #.# #.#
#### #.# #.#
...####.#####
..r.........##.
#.# #l.......
.#. #S###.###
#.# #######@#
#.#
######......%#
#.#
#............#
#.#
#.####.#######
#.###.####.#
#..........#
......######
#######


You could see an adder and a giant newt.

Vanquished Creatures
  An ooze (D:1)
  A giant gecko (D:1)
  A ball python (D:1)
  3 giant cockroaches (D:1)
  2 hobgoblins (D:1)
  A bat (D:1)
  A giant newt (D:1)
  4 goblins (D:1)
  8 kobolds (D:1)
  3 rats (D:1)
25 creatures vanquished.

Notes
Turn   | Place    | Note
--------------------------------------------------------------
     0 | D:1      | mrath the Kobold Ice Elementalist began the quest for the Orb.
     0 | D:1      | Reached XP level 1. HP: 10/10 MP: 3/3
   543 | D:1      | Reached XP level 2. HP: 15/15 MP: 0/5
   598 | D:1      | Learned a level 2 spell: Throw Frost
  1010 | D:1      | Reached skill level 1 in Conjurations
  1010 | D:1      | Reached XP level 3. HP: 19/19 MP: 0/6
  1063 | D:1      | Reached skill level 1 in Throwing
  1489 | D:2      | Slain by an adder

Vault maps used:
D:1:      dpeg_arrival_leaves_temple_mockup, lexackson_kobold_supper

Action                   || total
-------------------------++-------
Melee: Unarmed           ||     3
       Dagger            ||    29
Throw: Stone             ||    42
 Cast: Freeze            ||     9
       Throw Frost       ||    16
  Use: Scroll            ||     4
  Eat: Meat ration       ||     1
